 Dungeon Crawl Stone Soup version 0.17.0-23-g0de4337 (webtiles) character file.

143069 dysrexia the Unseen (level 16, 0/139 HPs)
             Began as a Vampire Chaos Knight on Nov 14, 2015.
             Slain by the 27-headed Lernaean hydra (6 damage)
             ... on level 4 of the Swamp.
             The game lasted 02:44:52 (33065 turns).

dysrexia the Unseen (Vampire Chaos Knight)         Turns: 33065, Time: 02:44:54

Health: 0/139      AC: 20    Str: 17    XL:     16   Next: 52%
Magic:  0/27       EV: 20    Int: 19    God:    Xom [....*.]
Gold:   825        SH:  8    Dex: 17    Spells: 1 memorised, 10 levels left

rFire  + . .     SeeInvis +     a - +9 quick blade (venom)
rCold  + . .     Clarity  .     t - +0 leather armour {rPois}
rNeg   + . .     SustAt   .     x - +0 buckler
rPois  +         Gourm    .     D - +1 hat
rElec  +         Spirit   +     k - +0 cloak
rCorr  .         Warding  .     Y - +2 pair of gloves
rMut   .         Stasis   .     s - +0 pair of boots
MR     ++...                    B - amulet "Ocihip" {Spirit MP+9}
Stlth  +++++++++.               A - ring "Gehul" {rElec rN+ MR+ Stlth+}
                                Q - ring "Laoc" {Ice +Fly rElec Str+2}

@: regenerating quickly, very resistant to hostile enchantments, incredibly
stealthy
A: fangs 3, horns 2, talons 1, iridescent scales 1, large bone plates 1, rough
black scales 1, see invisible, blink, breathe flames 2, clever 2, clumsy 1, fire
resistance 2, mutation resistance 2, robust 1, screaming 2, strong 2,
unbreathing
a: Blink, Renounce Religion, Breathe Fire, Evoke Flight
}: 1/15 runes: decaying


You were on level 4 of the Swamp.
You worshipped Xom.
You were a beloved toy of Xom.
You were very full.

You visited 4 branches of the dungeon, and saw 29 of its levels.
You visited the Abyss 1 time.
You also visited: Labyrinth and Bailey.

You collected 2508 gold pieces.
You spent 1683 gold pieces at shops.

Inventory:

Hand Weapons
 a - a +9 quick blade of venom (weapon)
 o - a +0 scimitar of flaming
 z - a +0 blowgun
Missiles
 g - 111 poisoned needles
 l - 11 curare-tipped needles
 y - 220 stones (quivered)
Armour
 k - a +0 cloak (worn)
 s - a +0 pair of boots (worn)
 t - a +0 leather armour of poison resistance (worn)
 x - a +0 buckler (worn)
 D - a +1 hat (worn)
 Y - a +2 pair of gloves (worn)
Jewellery
 h - a +4 ring of intelligence
 w - an uncursed ring of stealth
 A - the ring "Gehul" (right hand) {rElec rN+ MR+ Stlth+}
   (You bought it in a shop on level 4 of the Orcish Mines)

   [ring of stealth]

   It insulates you from electricity.
   It protects you from negative energy.
   It affects your resistance to hostile enchantments.
   It makes you more stealthy.
 B - the amulet "Ocihip" (around neck) {Spirit MP+9}
   (You bought it in a shop on level 4 of the Orcish Mines)

   [amulet of guardian spirit]

   It causes incoming damage to be split between your health and magic.
   It affects your magic capacity (+9).
 L - an uncursed ring of positive energy
 Q - the ring "Laoc" (left hand) {Ice +Fly rElec Str+2}
   (You found it on level 3 of the Swamp)

   [ring of ice]

   It enhances your ice magic, and weakens your fire magic.
   It affects your strength (+2).
   It makes you vulnerable to fire.
   It protects you from cold.
   It insulates you from electricity.
   It lets you fly.
 R - an uncursed ring of see invisible {unknown}
Wands
 n - a wand of teleportation (8)
 v - a wand of fire (9)
 C - a wand of fireball (6)
 E - a wand of enslavement (13)
 F - a wand of digging (5)
 G - a wand of hasting (3)
 M - a wand of disintegration (7)
 P - a wand of heal wounds (2)
Scrolls
 d - 4 scrolls of remove curse
 I - 3 scrolls of teleportation
 N - a scroll of magic mapping
 S - 2 scrolls of fear
 T - 2 scrolls of fog
 V - a scroll of identify
 W - a scroll of enchant weapon
 X - 2 scrolls of silence
Potions
 b - a potion of haste
 c - 18 potions of blood
 e - 3 potions of lignification
 f - a potion of mutation {unknown}
 i - 3 potions of might
 j - a potion of heal wounds
 q - 3 potions of flight
 u - 2 potions of resistance
 H - a potion of cancellation
 J - a potion of berserk rage
 O - 7 potions of curing
 Z - a potion of agility {unknown}
Books
 r - a book of Death

   Spells                             Type                      Level
   a - Corpse Rot                     Necromancy                   2
   b - Sublimation of Blood           Necromancy                   2
   c - Agony                          Necromancy                   5
   d - Dispel Undead                  Necromancy                   5
   e - Excruciating Wounds            Charms/Necromancy            5
   f - Bolt of Draining               Conjuration/Necromancy       5
Miscellaneous
 m - a lantern of shadows
 p - a fan of gales
 K - a phial of floods
 U - an ornate deck of defence


   Skills:
 - Level 12.1 Fighting
 * Level 17.7(17.8) Short Blades
 - Level 4.0(11.7) Long Blades
 + Level 6.7 Armour
 - Level 12.0 Dodging
 - Level 19.6 Stealth
 - Level 6.2 Shields
 + Level 3.1 Evocations


You had 10 spell levels left.
You knew the following spells:

 Your Spells              Type           Power        Failure   Level  Hunger
a - Dispel Undead         Necr           #.......     100%        5    ######.


Dungeon Overview and Level Annotations

Branches:
Dungeon (13/15)            Temple (0/1) D:4            Lair (8/8) D:10
  Swamp (4/4) Lair:5        Snake (0/4) Lair:4        Slime (0/6) Lair:8
    Orc (4/4) D:9
    Elf: Orc:3-4     Vaults: D:13-14

Altars:
Cheibriados
Fedhas
Gozag
Kikubaaqudgha
Makhleb
Nemelex Xobeh
Okawaru
Qazlal
Sif Muna
Trog
Vehumet
Xom
Zin
Jiyva

Shops:
D:12 *   Orc:2 %   Orc:3 }   Orc:4 ?*=[

Annotations:
D:3 septik's ghost, amateur GrGl
Swamp:4 Lernaean hydra


Innate Abilities, Weirdness & Mutations

Your natural rate of healing is unusually fast.
You have razor-sharp teeth.
You have supernaturally acute eyesight.
You can survive without breathing.
You have a pair of horns on your head.
You have sharp toenails.
You are partially covered in iridescent scales (AC +4).
You are partially covered in large bone plates (AC +2, SH +2).
You are partially covered in rough black scales (AC +4, Dex -1).
You can translocate small distances at will.
You can breathe fire.
Your mind is very acute. (Int +4)
You are clumsy. (Dex -2)
Your flesh is very heat resistant.
You are somewhat resistant to both further mutation and mutation removal.
You are robust (+10% HP).
You sometimes yell uncontrollably at your foes.
Your muscles are very strong. (Str +4)


Message History

* * * LOW HITPOINT WARNING * * *
The 27-headed Lernaean hydra bites you but does no damage.
The 27-headed Lernaean hydra bites you.
* * * LOW HITPOINT WARNING * * *
The 27-headed Lernaean hydra bites you.
* * * LOW HITPOINT WARNING * * *
You block the 27-headed Lernaean hydra's attack.
The 27-headed Lernaean hydra barely misses you.
The 27-headed Lernaean hydra bites you.
* * * LOW HITPOINT WARNING * * *
The 27-headed Lernaean hydra bites you but does no damage.
The 27-headed Lernaean hydra misses you.
The 27-headed Lernaean hydra bites you!
* * * LOW HITPOINT WARNING * * *
Xom roars with laughter!
The 27-headed Lernaean hydra misses you.
The 27-headed Lernaean hydra barely misses you.
The 27-headed Lernaean hydra bites you.
You die...
Xom guffaws!

......≈♣..≈≈.♣#....≈.≈§§≈........
≈÷..≈≈§♣≈≈≈≈^♣##.)..§.§......≈#≈.
≈≈≈...≈♣♣.≈≈≈≈♣##....§.....≈##..≈
§≈≈.≈≈.♣♣...♣≈≈###.D.≈≈.###♣≈.≈♣♣
≈≈≈§≈≈.≈♣♣♣♣≈≈≈≈♣###.#### ≈..♣
≈≈≈≈≈≈.♣≈≈≈♣.≈≈≈.♣#...≈##♣ .≈.≈♣
≈≈.≈.§♣♣♣♣.♣♣........♣.§.≈.≈≈≈.≈♣
≈≈≈≈≈≈♣♣♣♣♣≈≈♣≈..≈.≈.≈≈.♣.≈≈...§♣
.≈≈≈≈..≈♣.......@D≈♣♣♣♣♣♣.≈≈..≈♣♣
.≈≈≈≈.≈♣♣♣....§≈.≈≈♣ ♣.≈§♣
.≈≈≈≈≈♣♣♣≈....≈≈≈.♣♣♣♣♣♣♣≈.♣♣♣♣♣♣
.≈≈≈≈.♣♣≈........♣♣♣.≈≈♣(..♣♣≈≈.♣
≈≈≈≈≈.≈.≈≈.≈≈§)..♣♣♣≈♣♣♣.≈≈≈≈≈≈.♣
≈≈≈≈≈≈≈≈≈≈≈≈≈≈≈≈..♣....≈♣.≈≈≈≈.♣♣
≈≈≈≈≈≈≈≈≈≈≈≈≈≈≈≈..♣≈....♣.≈≈..≈..
.≈≈..≈≈≈≈≈≈≈≈≈§.≈♣...≈♣♣≈....≈..≈
≈...≈≈≈.≈≈≈≈.≈≈......≈≈.♣..≈.<♣♣♣


You could see the 27-headed Lernaean hydra.

Vanquished Creatures
  Gastronok (Lair:3)
  Azrael (D:12)
  An ettin (Swamp:4)
  A minotaur (Lab)
  Erolcha (Orc:2)
  Harold (Lair:4)
  A rakshasa (D:13)
  15 hydras
  A queen ant (Lair:4)
  9 death yaks
  4 orc high priests (Orc:4)
  3 alligators
  The ghost of Kolbur the Cleaver, a novice HaBe of Trog (D:10)
  3 unseen horrors
  A spriggan druid (Swamp:2)
  2 shambling mangroves
  2 hill giants
  2 lindwurms
  A wizard (Lair:8)
  3 swamp dragons
  A water nymph (Swamp:2)
  2 cyclopes
  3 ugly things (D:11)
  3 hornets
  2 orc sorcerers (Orc:4)
  A worldbinder (Swamp:1)
  13 elephants
  Maurice (D:13)
  7 black mambas
  A centaur zombie (D:10)
  Joseph (D:9)
  A manticore (D:13)
  Psyche (D:10)
  5 komodo dragons
  A gargoyle (D:11)
  3 kobold demonologists
  24 spiny frogs
  6 fire drakes
  6 trolls
  8 giant leeches
  A polar bear (Lair:5)
  25 blink frogs
  6 bog bodies
  A boulder beetle (Lair:8)
  2 two-headed ogres
  5 deep elf magi
  2 shadows
  4 wyverns
  3 fire elementals (D:12)
  2 basilisks
  45 yaks
  8 spriggans
  A human (D:10)
  4 hungry ghosts (Lab)
  A wraith (D:10)
  17 vampire mosquitoes
  A steam dragon (D:10)
  14 hippogriffs
  14 wolves
  3 wargs
  23 insubstantial wisps
  3 nagas (Lair:4)
  A mottled dragon (D:12)
  11 swamp drakes
  4 soldier ants (Lair:4)
  3 sky beasts
  14 swamp worms
  4 hell hounds (D:12)
  19 water moccasins
  8 ice beasts
  5 ogres
  16 orc warriors
  12 porcupines
  A necrophage (D:12)
  2 black bears
  14 wasps
  An eye of draining (D:12)
  10 centaurs
  A boggart (shapeshifter) (D:10)
  5 phantoms
  23 crocodiles
  7 big kobolds
  17 giant frogs
  5 scorpions
  A wyvern zombie (D:7)
  13 wights
  8 killer bees
  3 electric eels
  A gnoll shaman (D:10)
  A quasit (D:7)
  A giant frog zombie (D:5)
  3 jellies
  7 crimson imps
  11 hounds
  5 iguanas
  Crazy Yiuf (D:7)
  31 orc priests
  47 orc wizards
  7 centaur skeletons
  12 worker ants
  31 sheep
  13 adders
  8 gnolls
  75 river rats
  A shadow imp (D:12)
  A giant eyeball (Lair:1)
  2 worms (D:2)
  An adder skeleton (D:8)
  An adder zombie (D:6)
  5 giant geckos
  158 orcs
  A ball python (D:5)
  6 giant cockroaches
  9 goblins
  7 hobgoblins
  11 jackals
  34 kobolds
  7 quokkas
  9 bats
  A giant gecko skeleton (D:6)
  A giant gecko zombie (D:7)
  9 giant newts
  3 quokka skeletons
  6 rats
1064 creatures vanquished.

Vanquished Creatures (collateral kills)
  Rupert (Lair:3)
  A hydra (Swamp:1)
  A centaur zombie (D:13)
  2 spiny frogs
  2 blink frogs
  Grinder (D:6)
  A yak (Lair:6)
  2 wolves (Lair:3)
  A water moccasin (Lair:8)
  The ghost of xeno23 the Gusty, an amateur TeAE (D:5)
  A phantom (D:4)
  An orc warrior (D:4)
  An ogre (D:6)
  A wight (D:12)
  A crimson imp (D:13)
  An electric eel (D:10)
  A giant frog skeleton (D:6)
  2 orc wizards (D:4)
  2 sheep (Lair:6)
  A giant gecko (D:6)
  12 orcs
  2 jackals
  4 kobolds (D:12)
  A quokka skeleton (D:4)
  A butterfly (Lair:6)
45 creatures vanquished.

Vanquished Creatures (others)
  2 hydras (Swamp:4)
  A catoblepas (Lair:3)
  A swamp dragon (Swamp:4)
  A yak (D:11)
  A vampire mosquito (Swamp:2)
  A swamp worm (Swamp:4)
  A wolf (D:10)
  A porcupine (Lair:2)
  An orc wizard (D:4)
  5 sheep (Lair:6)
  2 river rats
  2 orcs (D:4)
  A jackal (D:4)
  15 fungi
  10 plants
  12 toadstools (Lair:3)
57 creatures vanquished.

Grand Total: 1166 creatures vanquished

Notes
Turn   | Place    | Note
--------------------------------------------------------------
     0 | D:1      | dysrexia the Vampire Chaos Knight began the quest for the Orb.
     0 | D:1      | Reached XP level 1. HP: 17/17 MP: 1/1
    11 | D:1      | XOM: divination: magic mapping
   100 | D:1      | Reached XP level 2. HP: 23/23 MP: 2/2
   453 | D:1      | XOM: harmless Conj miscast
   674 | D:1      | XOM: harmless Necr miscast
   746 | D:1      | XOM: divination: detect creatures
   913 | D:2      | Reached skill level 1 in Stealth
   913 | D:2      | Reached XP level 3. HP: 21/28 MP: 3/3
   931 | D:2      | Reached skill level 1 in Short Blades
   970 | D:2      | XOM: smoke on damage
  1043 | D:2      | XOM is BORED!
  1043 | D:2      | XOM: 6-stop teleportation journey
  1051 | D:2      | Found a glowing silver altar of Zin.
  1144 | D:2      | XOM: divination: detect creatures
  1165 | D:2      | XOM: give mutation
  1165 | D:2      | Gained mutation: You are partially covered in large bone plates (AC +2, SH +2). [Xom's grace]
  1411 | D:2      | Found a bloodstained altar of Trog.
  1685 | D:2      | XOM: god gift: large zirconium amulet {god gift}
  1736 | D:3      | Reached XP level 4. HP: 34/34 MP: 4/4
  1766 | D:3      | Found an opulent altar of Gozag.
  1811 | D:3      | Found a blossoming altar of Fedhas.
  1853 | D:3      | XOM: fog
  1869 | D:3      | XOM: fake destruction
  1956 | D:3      | Noticed septik's ghost (amateur GrGl)
  2105 | D:3      | XOM: enchant monster (good)
  2174 | D:3      | XOM: god gift: scroll labeled JIB UNNOIS
  2239 | D:3      | Found a sparkling altar of Nemelex Xobeh.
  2302 | D:3      | XOM: god gift: throwing net
  2590 | D:4      | Found a staircase to the Ecumenical Temple.
  2624 | D:4      | XOM: god gift: fan of gales
  2627 | D:4      | XOM: divination: detect items
  2651 | D:4      | Reached skill level 4 in Stealth
  2651 | D:4      | Reached XP level 5. HP: 16/39 MP: 5/5
  2667 | D:4      | XOM: god gift: 2 javelins of returning
  2679 | D:4      | Noticed an orc warrior
  2687 | D:4      | XOM: confuse monster(s)
  2688 | D:4      | Noticed a phantom
  2928 | D:4      | XOM: summons friendly sixfirhy
  2935 | D:4      | Killed a phantom
  2946 | D:4      | Killed an orc warrior
  2969 | D:4      | Reached skill level 5 in Stealth
  2969 | D:4      | Reached XP level 6. HP: 41/46 MP: 6/6
  3097 | D:4      | Reached skill level 5 in Short Blades
  3106 | D:4      | XOM: give mutations
  3106 | D:4      | Gained mutation: You are partially covered in rough black scales (AC +4, Dex -1). [Xom's grace]
  3106 | D:4      | Gained mutation: You are robust (+10% HP). [Xom's grace]
  3106 | D:4      | Gained mutation: You evolve. [Xom's grace]
  3106 | D:4      | Lost mutation: You evolve. [Xom's grace]
  3106 | D:4      | Gained mutation: You are somewhat resistant to further mutation. [Xom's grace]
  3110 | D:4      | XOM: summons friendly shadow imp
  3382 | D:4      | XOM: summons 6 friendly demons
  3385 | D:4      | Reached skill level 6 in Stealth
  3600 | D:4      | XOM: give mutations
  3600 | D:4      | Gained mutation: You can spit weak poison. [Xom's grace]
  3600 | D:4      | Gained mutation: Your mind is acute. (Int +2) [Xom's grace]
  3600 | D:4      | Gained mutation: Your spells are a little harder to cast, but a little more powerful. [Xom's grace]
  3686 | D:5      | Entered Level 5 of the Dungeon
  3747 | D:5      | Reached XP level 7. HP: 53/56 MP: 7/7
  3800 | D:5      | Found an iron altar of Okawaru.
  3972 | D:5      | Noticed xeno23's ghost (amateur TeAE)
  3981 | D:5      | XOM: summons friendly shadow imp
  3989 | D:5      | XOM: cast spell 'Spider Form'
  3996 | D:5      | Killed xeno23's ghost
  3996 | D:5      | Reached skill level 7 in Stealth
  4059 | D:5      | XOM: god gift: scroll labeled URHUMP GIDEOLO
  4076 | D:5      | XOM: polymorph shadow imp -> iron imp
  4374 | D:6      | Noticed Grinder
  4375 | D:6      | XOM: summons friendly blue devil
  4391 | D:6      | Killed Grinder
  4420 | D:6      | Reached skill level 8 in Stealth
  4459 | D:6      | Reached XP level 8. HP: 62/62 MP: 8/8
  4517 | D:6      | XOM: divination: detect items
  4718 | D:6      | XOM: confuse monster(s)
  4903 | D:6      | Reached skill level 9 in Stealth
  4974 | D:6      | Found a blossoming altar of Fedhas.
  5194 | D:7      | XOM: harmless Fire miscast
  5271 | D:7      | XOM: enchant monster (good)
  5293 | D:7      | XOM: summons friendly quasit
  5294 | D:7      | Reached skill level 10 in Short Blades
  5294 | D:7      | Reached skill level 10 in Stealth
  5328 | D:7      | XOM: confuse monster(s)
  5335 | D:7      | XOM: harmless Conj miscast
  5336 | D:7      | Reached XP level 9. HP: 55/68 MP: 9/9
  5512 | D:7      | XOM: summons 2 friendly demons
  5562 | D:7      | Found a burning altar of Makhleb.
  5642 | D:7      | XOM: harmless Pois miscast
  5674 | D:7      | Reached skill level 11 in Stealth
  5691 | D:7      | Found a snail-covered altar of Cheibriados.
  5782 | D:7      | XOM: medium Tloc miscast
  6105 | D:7      | Noticed Crazy Yiuf
  6114 | D:7      | Killed Crazy Yiuf
  6371 | D:8      | Noticed Joseph
  6668 | D:8      | XOM: harmless Tloc miscast
  6742 | D:8      | XOM: vitrification
  6792 | D:8      | XOM: divination: detect creatures
  6986 | D:9      | Found a flagged portal.
  7001 | D:9      | Reached skill level 5 in Fighting
  7045 | Bailey   | Entered a bailey
  7093 | Bailey   | XOM: divination: magic mapping
  7136 | Bailey   | XOM: harmless Chrm miscast
  7184 | Bailey   | XOM: polymorph orc -> giant cockroach
  7300 | D:9      | Found a staircase to the Orcish Mines.
  7300 | D:9      | XOM: swap monsters
  7310 | D:9      | XOM: mild Summ miscast
  7326 | D:9      | Reached skill level 12 in Stealth
  7326 | D:9      | Reached XP level 10. HP: 76/81 MP: 10/10
  7438 | D:9      | XOM: potion effect (might)
  7440 | D:9      | XOM: divination: detect creatures
  7495 | D:9      | Found a deep blue altar of Sif Muna.
  7495 | D:9      | XOM: 3-stop teleportation journey
  7515 | D:9      | Killed Joseph
  7607 | D:9      | Reached skill level 5 in Dodging
  7674 | D:9      | Found a radiant altar of Vehumet.
  7676 | D:9      | Found an ancient bone altar of Kikubaaqudgha.
  7681 | D:9      | Identified Kikubaaqudgha's Volume of Dark Magic
  7688 | D:9      | Identified Vehumet's Guide on Attacks
  7695 | D:9      | Identified Sif Muna's Reference Book on the Oath
  7736 | D:9      | XOM: colour smoke trail
  7769 | D:9      | XOM: divination: detect creatures
  7841 | D:9      | Noticed an ice dragon
  7997 | D:9      | XOM: fog
  8071 | D:10     | Entered Level 10 of the Dungeon
  8088 | D:10     | Noticed Kolbur's ghost (novice HaBe)
  8166 | D:10     | XOM: polymorph yak -> golden eye
  8175 | D:10     | XOM: summons friendly shadow imp
  8179 | D:10     | XOM: summons friendly crimson imp
  8212 | D:10     | XOM: destruction
  8229 | D:10     | Found a staircase to the Lair.
  8229 | D:10     | XOM: 4-stop teleportation journey
  8280 | D:10     | XOM: divination: detect creatures
  8290 | D:10     | XOM: enchant monster (good)
  8306 | D:10     | Reached skill level 13 in Stealth
  8349 | D:10     | XOM: 1-stop teleportation journey
  8473 | D:10     | XOM: swap monsters
  8577 | D:10     | XOM: polymorph electric eel -> steam dragon
  8594 | D:10     | XOM: mild Chrm miscast
  8618 | D:10     | XOM: medium Trmt miscast
  8635 | D:10     | XOM: silly message
  8641 | D:10     | XOM: mild Ice miscast
  8647 | D:10     | XOM: harmless Tloc miscast
  8855 | D:10     | XOM: summons 10 friendly demons
  8862 | D:10     | Reached XP level 11. HP: 94/94 MP: 11/11
  8907 | D:10     | XOM: god gift: scroll of amnesia
  8940 | D:10     | Got a slimy scimitar
  8941 | D:10     | Identified the cursed +1 scimitar of Viuruss {venom, Int+3 Stlth+} (You found it on level 10 of the Dungeon)
  8976 | D:10     | XOM: give mutations
  8976 | D:10     | Gained mutation: Your system is resistant to poisons. [Xom's grace]
  8976 | D:10     | Lost mutation: You can spit weak poison. [Xom's grace]
  8976 | D:10     | Gained mutation: You can breathe flames. [Xom's grace]
  9111 | D:10     | XOM: summons 3 hostile demons
  9112 | D:10     | Noticed an ice devil
  9114 | D:10     | XOM: swap monsters
  9115 | D:10     | XOM: confusion
  9140 | D:10     | XOM: mild Hex miscast
  9229 | Lair:1   | Entered Level 1 of the Lair of Beasts
  9501 | Lair:1   | XOM: 3-stop teleportation journey
  9513 | Lair:1   | XOM: potion effect (agility)
  9516 | Lair:1   | XOM: polymorph iguana -> giant eyeball
  9519 | Lair:1   | Paralysed by a giant eyeball for 2 turns
  9701 | Lair:1   | XOM: summons 3 friendly demons
  9704 | Lair:1   | XOM: fake destruction
  9712 | Lair:1   | Reached skill level 14 in Stealth
  9712 | Lair:1   | XOM: swap monsters
  9723 | Lair:1   | XOM: confuse monster(s)
  9725 | Lair:1   | XOM: summons 6 friendly demons
  9820 | Lair:1   | XOM is BORED!
  9820 | Lair:1   | XOM: severe Fire miscast
 10347 | Lair:1   | XOM: colour smoke trail
 10405 | Lair:2   | XOM: confuse monster(s)
 10406 | Lair:2   | XOM: enchant monster (bad)
 10421 | Lair:1   | XOM: cast spell 'Dispersal'
 10515 | Lair:2   | XOM: divination: detect items
 10775 | Lair:2   | XOM: divine lightning (protected)
 10782 | Lair:2   | XOM: polymorph yak -> black mamba
 10786 | Lair:2   | XOM: divine lightning (protected)
 10824 | Lair:2   | XOM: enchant monster (good)
 10919 | Lair:2   | XOM: fog
 10961 | Lair:2   | XOM: enchant monster (good)
 10973 | Lair:2   | XOM: divination: detect creatures
 10976 | Lair:2   | Reached skill level 10 in Fighting
 11003 | Lair:2   | XOM: give mutation
 11003 | Lair:2   | Gained mutation: You are agile. (Dex +2) [Xom's grace]
 11048 | Lair:2   | XOM: 7-stop teleportation journey
 11154 | Lair:2   | Reached skill level 15 in Stealth
 11529 | Lair:3   | Noticed Gastronok
 11544 | Lair:3   | Killed Gastronok
 11544 | Lair:3   | Reached XP level 12. HP: 106/106 MP: 12/12
 11632 | Lair:3   | XOM: confuse monster(s)
 11658 | Lair:3   | Found a burning altar of Makhleb.
 11689 | Lair:3   | XOM: vitrification
 11691 | Lair:3   | XOM: confuse monster(s)
 11703 | Lair:3   | XOM: summons 12 friendly demons
 11767 | Lair:3   | Noticed Rupert
 11769 | Lair:3   | XOM: confuse monster(s)
 11846 | Lair:3   | XOM: god gift: 4 needles of frenzy
 11879 | Lair:3   | XOM: fog
 11948 | Lair:3   | Noticed a catoblepas
 11948 | Lair:3   | Noticed a lindwurm
 11952 | Lair:3   | XOM: confuse monster(s)
 11953 | Lair:3   | Killed a lindwurm
 11955 | Lair:3   | Killed a catoblepas
 12157 | Lair:3   | XOM: enchant monster (good)
 12223 | Lair:3   | Noticed a six-headed hydra
 12245 | Lair:3   | XOM: swap monsters
 12271 | Lair:3   | Killed Rupert
 12271 | Lair:3   | Reached skill level 16 in Stealth
 12302 | Lair:3   | XOM: god gift: mace {god gift}
 12352 | Lair:3   | XOM: polymorph giant frog -> big kobold
 12572 | Lair:4   | XOM: medium Necr miscast
 12594 | Lair:4   | XOM: enchant monster (bad)
 12608 | Lair:4   | XOM: summons 3 friendly demons
 12621 | Lair:4   | XOM: summons 6 friendly demons
 12655 | Lair:4   | XOM: confusion
 12681 | Lair:4   | XOM: 1-stop teleportation journey
 12682 | Lair:4   | Noticed Harold
 12689 | Lair:4   | Killed Harold
 12743 | Lair:4   | XOM: silly message
 12748 | Lair:4   | XOM: blink monster(s)
 12750 | Lair:4   | XOM: god gift: 2 needles of sleeping
 12755 | Lair:4   | XOM: fog
 12837 | Lair:4   | Noticed a five-headed hydra
 12846 | Lair:4   | Killed a five-headed hydra
 12846 | Lair:4   | Reached skill level 10 in Dodging
 12869 | Lair:4   | XOM: cast spell 'Summon Hydra'
 12911 | Lair:4   | Reached skill level 5 in Shields
 12911 | Lair:4   | Reached XP level 13. HP: 103/113 MP: 13/13
 12984 | Lair:4   | Found a staircase to the Snake Pit.
 13166 | Lair:4   | XOM: summons 5 friendly demons
 13234 | Lair:4   | XOM: god gift: curved iron wand {god gift}
 13538 | Lair:4   | XOM: confuse monster(s)
 13540 | Lair:4   | Reached XP level 14. HP: 121/121 MP: 14/14
 13664 | Lair:5   | XOM: fog
 13667 | Lair:5   | Reached skill level 17 in Stealth
 13750 | Lair:5   | XOM: vitrification
 13822 | Lair:5   | XOM: 7-stop teleportation journey
 13966 | Lair:5   | XOM: 8-stop teleportation journey
 14145 | Lair:5   | XOM: confuse monster(s)
 14393 | Lair:5   | Found a staircase to the Swamp.
 14425 | Lair:5   | XOM: potion effect (haste)
 14437 | Lair:5   | XOM: harmless Necr miscast
 14759 | Lair:6   | Found a shimmering altar of Xom.
 14787 | Lair:6   | XOM: 2-stop teleportation journey
 14901 | Lair:6   | XOM: swap monsters
 14907 | Lair:6   | XOM: cast spell 'Ice Form'
 14910 | Lair:6   | XOM: cast spell 'Blink'
 14912 | Lair:6   | XOM: summons friendly quasit
 14915 | Lair:6   | XOM: confuse monster(s)
 14916 | Lair:6   | XOM: 8-stop teleportation journey
 14989 | Lair:6   | Identified the Handbook of Calling
 15094 | Lair:6   | XOM: confuse monster(s)
 15167 | Lair:6   | XOM: god gift: scale mail {god gift}
 15259 | Lair:6   | XOM: swap monsters
 15266 | Lair:6   | XOM: summons 5 friendly demons
 15280 | Lair:6   | XOM: swap monsters
 15295 | Lair:6   | XOM: polymorph yak -> black mamba
 15318 | Lair:6   | XOM: fake destruction
 15353 | Lair:6   | XOM: summons 9 friendly demons
 15380 | Lair:6   | XOM: god gift: leather armour {god gift}
 15381 | Lair:6   | XOM: fake destruction
 15389 | Lair:6   | XOM: swap monsters
 15650 | Lair:6   | XOM: fog
 15680 | Lair:6   | XOM: god gift: polished dagger {god gift}
 15683 | Lair:6   | Got a polished dagger {god gift}
 15684 | Lair:6   | Identified the +0 dagger of Vocs {chaos, rElec rF+ Str+2 Dex+4} (Xom gifted it to you on level 6 of the Lair of Beasts)
 15834 | Lair:6   | XOM: severe Conj miscast
 16161 | Lair:7   | XOM: divination: detect items
 16343 | Lair:7   | XOM: give mutations
 16343 | Lair:7   | Gained mutation: You can breathe fire. [Xom's grace]
 16343 | Lair:7   | Gained mutation: You possess an exceptional clarity of mind. [Xom's grace]
 16403 | Lair:7   | XOM: 2-stop teleportation journey
 16426 | Lair:6   | XOM: vitrification
 16540 | Lair:7   | XOM: swap monsters
 16544 | Lair:7   | XOM: confuse monster(s)
 16672 | Lair:7   | XOM: summons 8 friendly demons
 16676 | Lair:7   | XOM: fog
 16683 | Lair:7   | XOM: enchant monster (good)
 17039 | Lair:7   | XOM: mild Hex miscast
 17059 | Lair:8   | Entered Level 8 of the Lair of Beasts
 17060 | Lair:8   | XOM: god gift: 22 stones
 17124 | Lair:8   | XOM: mild Pois miscast
 17157 | Lair:8   | XOM: enchant monster (bad)
 17215 | Lair:8   | XOM: noise
 17219 | Lair:8   | XOM: confuse monster(s)
 17222 | Lair:8   | XOM: summons friendly quasit
 17241 | Lair:8   | XOM: confuse monster(s)
 17269 | Lair:8   | Reached skill level 18 in Stealth
 17355 | Lair:8   | XOM: silly message
 17381 | Lair:8   | Found a viscous altar of Jiyva.
 17381 | Lair:8   | Found a staircase to the Slime Pits.
 17495 | Lair:8   | XOM: summons friendly shadow imp
 17643 | Lair:8   | XOM: god gift: scroll of enchant weapon
 17656 | Lair:8   | XOM: cast spell 'Statue Form'
 17658 | Lair:8   | XOM: cast spell 'Summon Small Mammal'
 17673 | Lair:8   | XOM: medium Tloc miscast
 17857 | Lair:8   | Found a burning altar of Makhleb.
 17939 | Lair:8   | XOM: cast spell 'Cause Fear'
 18246 | Lair:8   | Reached skill level 1 in Armour
 18281 | Lair:8   | XOM: noise
 18287 | Lair:8   | XOM: potion effect (berserk rage)
 18290 | Lair:8   | XOM: noise
 18301 | Lair:8   | XOM: harmless Air miscast
 18312 | Lair:8   | XOM: divination: detect creatures
 18336 | Lair:8   | XOM: noise
 18338 | Lair:8   | XOM: cast spell 'Discord'
 18356 | Lair:8   | Reached XP level 15. HP: 87/130 MP: 15/15
 18357 | Lair:8   | XOM: noise
 18361 | Lair:8   | XOM: potion effect (haste)
 18598 | Lair:3   | XOM: harmless Conj miscast
 18624 | Lair:1   | XOM: harmless Air miscast
 18727 | D:10     | Noticed a hill giant
 18817 | D:10     | XOM: enchant monster (good)
 18939 | Orc:1    | Entered Level 1 of the Orcish Mines
 19096 | Orc:2    | XOM is BORED!
 19096 | Orc:2    | XOM: enchant monster (bad)
 19161 | Orc:2    | Found Ichisoen's Food Shoppe.
 19229 | Orc:2    | XOM: confuse monster(s)
 19244 | Orc:2    | XOM: mild Ice miscast
 19245 | Orc:2    | Noticed Erolcha
 19252 | Orc:2    | XOM: noise
 19295 | Orc:2    | XOM: confuse monster(s)
 19402 | Orc:2    | Killed Erolcha
 19432 | Orc:2    | XOM: medium Fire miscast
 19518 | Orc:2    | XOM: silly message
 19541 | Orc:2    | XOM: give mutations
 19541 | Orc:2    | Lost mutation: You possess an exceptional clarity of mind. [Xom's mischief]
 19541 | Orc:2    | Lost mutation: Your system is resistant to poisons. [Xom's mischief]
 19862 | Orc:2    | XOM: give mutations
 19862 | Orc:2    | Lost mutation: You are agile. (Dex +2) [Xom's mischief]
 19862 | Orc:2    | Lost mutation: Your spells are a little harder to cast, but a little more powerful. [Xom's mischief]
 19862 | Orc:2    | Lost mutation: You can breathe fire. [Xom's mischief]
 19952 | Orc:3    | Found Yddont Hamel's Gadget Shoppe.
 20015 | Orc:3    | XOM: medium Pois miscast
 20073 | Orc:3    | XOM: give mutations
 20073 | Orc:3    | Lost mutation: You are robust (+10% HP). [Xom's mischief]
 20073 | Orc:3    | Gained mutation: You are clumsy. (Dex -2) [Xom's mischief]
 20073 | Orc:3    | Gained mutation: You occasionally shout uncontrollably at your foes. [Xom's mischief]
 20098 | Orc:4    | Entered Level 4 of the Orcish Mines
 20230 | Orc:4    | XOM: stat loss: -1 Int (17/17)
 20295 | Orc:4    | XOM: divination: magic mapping
 20716 | Orc:4    | XOM: god gift: scroll of random uselessness
 20766 | Orc:4    | XOM: chaos upgrade
 21084 | Orc:4    | XOM: colour smoke trail
 21086 | Orc:4    | Found Titzovidgh's General Store.
 21086 | Orc:4    | Found Xeixto Kaup's Magic Scroll Emporium.
 21087 | Orc:4    | Found Kala's Jewellery Shoppe.
 21090 | Orc:4    | Found Daybus's Armour Shoppe.
 21213 | Orc:4    | Bought a scroll of enchant armour for 120 gold pieces
 21213 | Orc:4    | Bought a scroll of identify for 32 gold pieces
 21213 | Orc:4    | Bought a scroll of silence for 120 gold pieces
 21213 | Orc:4    | Bought a scroll of blinking for 120 gold pieces
 21213 | Orc:4    | Bought a scroll of remove curse for 48 gold pieces
 21213 | Orc:4    | Bought a scroll of enchant weapon for 120 gold pieces
 21213 | Orc:4    | Bought a scroll of identify for 32 gold pieces
 21213 | Orc:4    | Bought a scroll of identify for 32 gold pieces
 21213 | Orc:4    | Bought a scroll of enchant weapon for 120 gold pieces
 21214 | Orc:4    | Bought the ring "Gehul" {rElec rN+ MR+ Stlth+} for 495 gold pieces
 21336 | Orc:4    | Reached skill level 19 in Stealth
 21464 | Orc:4    | XOM: enchant monster (good)
 21647 | Orc:4    | XOM is BORED!
 21647 | Orc:4    | XOM: medium Conj miscast
 21732 | Orc:4    | XOM: silly message
 21889 | Orc:4    | Bought the amulet "Ocihip" {Spirit MP+9} for 444 gold pieces
 21983 | D:10     | XOM: swap monsters
 21988 | D:10     | XOM: summons friendly white imp
 21995 | D:10     | Killed a hill giant
 22453 | Swamp:1  | Entered Level 1 of the Swamp
 22463 | Swamp:1  | XOM: summons friendly iron imp
 22463 | Swamp:1  | XOM: smoke on damage
 22465 | Lair:5   | XOM: confuse monster(s)
 22546 | Lair:5   | XOM: stat loss: -1 Dex (17/17)
 22656 | Swamp:1  | XOM: medium Summ miscast
 22961 | Swamp:1  | XOM: medium Tloc miscast
 22961 | Swamp:1  | Cast into the Abyss (the capriciousness of Xom)
 23069 | Abyss:1  | XOM: medium Summ miscast
 23080 | Abyss:1  | XOM: summons 3 hostile shadow creatures
 23185 | Abyss:1  | XOM: enchant monster (bad)
 23236 | Abyss:1  | XOM: silly message
 23249 | Abyss:1  | XOM: summons 2 friendly demons
 23279 | Abyss:1  | XOM: medium Erth miscast
 23290 | Abyss:1  | Noticed a tentacled starspawn
 23290 | Abyss:1  | XOM: confuse monster(s)
 23327 | Abyss:1  | XOM: noise
 23330 | Abyss:1  | XOM: harmless Fire miscast
 23336 | Abyss:1  | XOM: harmless Trmt miscast
 23348 | Swamp:1  | Escaped the Abyss
 23365 | Swamp:1  | XOM: destruction
 23382 | Swamp:1  | XOM: enchant monster (good)
 23384 | Swamp:1  | XOM: potion effect (curing)
 23393 | Swamp:1  | XOM: mild Erth miscast
 23394 | Swamp:1  | XOM: enchant monster (good)
 23404 | Swamp:1  | XOM: silly message
 23413 | Swamp:1  | XOM: potion effect (might)
 23449 | Swamp:1  | XOM: divination: magic mapping
 23530 | Swamp:1  | Reached skill level 15 in Short Blades
 23722 | Swamp:1  | XOM: divination: detect items
 23777 | Swamp:1  | XOM: harmless Tloc miscast
 23850 | Swamp:1  | XOM: harmless Divn miscast
 23868 | Swamp:1  | XOM: potion effect (agility)
 23869 | Swamp:1  | XOM: potion effect (brilliance)
 23873 | Swamp:1  | XOM: potion effect (heal wounds)
 23878 | Swamp:1  | XOM: potion effect (curing)
 23886 | Swamp:1  | XOM: harmless Summ miscast
 24236 | Swamp:2  | XOM: harmless Pois miscast
 24499 | Swamp:2  | XOM: potion effect (brilliance)
 24524 | Swamp:2  | XOM: enchant monster (bad)
 24612 | Swamp:2  | XOM: medium Trmt miscast
 24716 | Swamp:2  | XOM: mild Chrm miscast
 24852 | Swamp:2  | XOM: potion effect (curing)
 24955 | Swamp:2  | XOM: mild Ice miscast
 24970 | Swamp:2  | XOM: summons friendly crimson imp
 25052 | Swamp:1  | XOM: confuse monster(s)
 25105 | Swamp:1  | XOM: mild Summ miscast
 25109 | Swamp:1  | XOM: 6-stop teleportation journey
 25209 | Swamp:1  | XOM: enchant monster (good)
 25250 | Swamp:1  | Got a distressingly furry scale mail
 25261 | Swamp:1  | Identified the +1 scale mail of Rily {Int+7} (You found it on level 1 of the Swamp)
 25402 | Swamp:1  | XOM: give mutations
 25402 | Swamp:1  | Gained mutation: Your muscles are strong. (Str +2) [Xom's grace]
 25402 | Swamp:1  | Gained mutation: You are partially covered in iridescent scales (AC +4). [Xom's grace]
 25402 | Swamp:1  | Gained mutation: Your muscles are very strong. (Str +4) [Xom's grace]
 25641 | Swamp:1  | XOM: silly message
 25643 | Swamp:2  | XOM: polymorph spriggan rider -> water nymph
 25656 | Swamp:2  | XOM: divination: detect items
 25767 | Swamp:2  | XOM: harmless Erth miscast
 25778 | Swamp:2  | XOM: god gift: shiny plate armour {god gift}
 25779 | Swamp:2  | XOM: enchant monster (good)
 26194 | Lair:4   | XOM: give mutations
 26194 | Lair:4   | Gained mutation: You sometimes yell uncontrollably at your foes. [Xom's mischief]
 26406 | D:10     | XOM: noise
 26469 | D:10     | Noticed an unseen horror
 26471 | D:10     | Noticed Psyche
 26478 | D:10     | XOM: noise
 26483 | D:10     | Killed Psyche
 26499 | D:10     | Killed an unseen horror
 26592 | D:10     | XOM: medium Ice miscast
 26622 | D:11     | XOM: noise
 26658 | D:11     | XOM: silly message
 26733 | D:11     | XOM: enchant monster (good)
 26908 | D:11     | XOM: enchant monster (good)
 26918 | D:11     | XOM: vitrification
 27093 | D:11     | XOM: swap monsters
 27131 | D:11     | Found a stormy altar of Qazlal.
 27503 | D:12     | Found Wezuroj's Whimsical Warehouse.
 27508 | D:12     | XOM: divination: detect creatures
 27519 | D:12     | Reached skill level 5 in Armour
 27629 | D:12     | XOM: 5-stop teleportation journey
 27681 | D:12     | XOM: swap monsters
 27687 | D:12     | XOM: god gift: pair of runed gloves {god gift}
 27833 | D:12     | XOM: 2-stop teleportation journey
 27916 | D:12     | XOM: silly message
 27917 | D:12     | Found a labyrinth entrance.
 27923 | D:12     | XOM: give mutations
 27923 | D:12     | Gained mutation: You have sharp toenails. [Xom's grace]
 27923 | D:12     | Gained mutation: You can breathe fire. [Xom's grace]
 27923 | D:12     | Gained mutation: Your flesh is heat resistant. [Xom's grace]
 27923 | D:12     | Gained mutation: You have a pair of small horns on your head. [Xom's grace]
 27963 | Lab      | Entered a labyrinth
 28104 | Lab      | XOM: god gift: 14 poisoned arrows
 28320 | Lab      | XOM: give mutations
 28320 | Lab      | Gained mutation: Your mind is very acute. (Int +4) [Xom's grace]
 28320 | Lab      | Gained mutation: You are robust (+10% HP). [Xom's grace]
 28320 | Lab      | Gained mutation: Your flesh is very heat resistant. [Xom's grace]
 28491 | Lab      | XOM: swap monsters
 28791 | Lab      | XOM: stat loss: -1 Int (19/19)
 29152 | Lab      | Identified a scroll of acquirement
 29159 | Lab      | XOM: vitrification
 29174 | Lab      | Got a shimmering ring mail
 29212 | D:12     | Identified the +8 ring mail of Koel {*Confuse Int+5 Slay+4} (You found it in a labyrinth)
 29275 | D:12     | XOM: divination: detect creatures
 29511 | D:12     | XOM: summons friendly crimson imp
 29514 | D:12     | Noticed Azrael
 29540 | D:12     | XOM: cast spell 'Warp Weapon'
 29554 | D:12     | Killed Azrael
 29557 | D:12     | Reached XP level 16. HP: 121/139 MP: 16/16
 29599 | D:12     | Got a translucent pewter amulet
 29602 | D:12     | Identified the amulet "Zexkeus" {Regen+ Dex+5 SInv} (You found it on level 12 of the Dungeon)
 29636 | D:12     | XOM: 2-stop teleportation journey
 29717 | D:12     | XOM: draining
 29720 | D:12     | XOM: stat loss: -1 Str (14/15)
 29922 | D:13     | Noticed Maurice
 29925 | D:13     | XOM: chaos upgrade
 29938 | D:13     | Killed Maurice
 30026 | D:13     | XOM: cast spell 'Monstrous Menagerie'
 30371 | D:13     | XOM: swap monsters
 30429 | D:13     | XOM: confuse monster(s)
 30525 | D:13     | XOM: summons friendly quasit
 30689 | D:13     | XOM: polymorph killer bee -> sheep
 30850 | D:13     | Reached skill level 1 in Evocations
 30851 | D:13     | XOM: medium Hex miscast
 31034 | D:10     | Killed Kolbur's ghost
 31246 | Swamp:1  | XOM: noise
 31293 | Swamp:2  | XOM: potion effect (berserk rage)
 31370 | Swamp:2  | XOM: cast spell 'Summon Butterflies'
 31372 | Swamp:2  | XOM: enchant monster (bad)
 31718 | Swamp:3  | Learned a level 5 spell: Dispel Undead
 31737 | Swamp:3  | XOM: cast spell 'Confusing Touch'
 31859 | Swamp:3  | XOM: enchant monster (bad)
 31863 | Swamp:3  | XOM: confuse monster(s)
 32004 | Swamp:3  | Got a translucent platinum ring
 32006 | Swamp:3  | Identified the ring "Laoc" {Ice +Fly rElec Str+2} (You found it on level 3 of the Swamp)
 32032 | Swamp:3  | XOM: cast spell 'Ring of Flames'
 32264 | Swamp:4  | Entered Level 4 of the Swamp
 32426 | Swamp:4  | XOM: divination: detect creatures
 32434 | Swamp:4  | XOM: enchant monster (good)
 32454 | Swamp:4  | XOM: destruction
 32467 | Swamp:3  | XOM: fog
 32523 | Swamp:3  | XOM: give mutations
 32523 | Swamp:3  | Gained mutation: You have a pair of horns on your head. [Xom's grace]
 32523 | Swamp:3  | Gained mutation: You are somewhat resistant to both further mutation and mutation removal. [Xom's grace]
 32523 | Swamp:3  | Gained mutation: You can translocate small distances at will. [Xom's grace]
 32623 | Swamp:3  | XOM: 2-stop teleportation journey
 32640 | Swamp:4  | XOM: destruction
 32647 | Swamp:4  | XOM: 2-stop teleportation journey
 32666 | Swamp:4  | Noticed the 27-headed Lernaean hydra
 32692 | Swamp:4  | XOM: scenery: create altars
 32782 | Swamp:4  | XOM: polymorph alligator -> ettin
 32793 | Swamp:4  | XOM: summons 2 friendly demons
 32876 | Swamp:4  | XOM: confuse monster(s)
 32882 | Swamp:4  | XOM: summons friendly shadow imp
 32937 | Swamp:4  | XOM: confusion (+ monsters)
 32948 | Swamp:4  | XOM: medium Air miscast
 32990 | Swamp:4  | XOM: god gift: glowing short sword {god gift}
 33021 | Swamp:4  | Got a decaying rune of Zot
 33046 | Swamp:4  | XOM: enchant monster (good)
 33060 | Swamp:4  | XOM: fake destruction
 33065 | Swamp:4  | HP: 6/139 [the 27-headed Lernaean hydra (12)]
 33065 | Swamp:4  | Slain by the 27-headed Lernaean hydra

Action                   |  1- 3 |  4- 6 |  7- 9 | 10-12 | 13-15 | 16-18 || total
-------------------------+-------+-------+-------+-------+-------+-------++-------
Melee: Falchion          |    41 |       |       |       |       |       ||    41
       Dagger            |    85 |   226 |   498 |   844 |  2977 |       ||  4630
       Unarmed           |       |       |     7 |       |     3 |       ||    10
       Scimitar          |       |       |       |    17 |       |       ||    17
       Quick blade       |       |       |       |       |    82 |   663 ||   745
Throw: Throwing net      |       |       |     1 |       |       |       ||     1
       Stone             |       |       |       |       |    10 |     2 ||    12
Evoke: Wand              |       |     6 |       |     1 |     4 |       ||    11
  Use: Potion            |     8 |    13 |    17 |    33 |    85 |    16 ||   172
       Scroll            |     5 |     2 |     6 |    16 |    23 |     4 ||    56
 Stab: Sleeping          |     5 |     3 |    17 |    29 |    76 |     5 ||   135
       Confused          |       |       |     1 |     5 |    21 |     3 ||    30
       Distracted        |       |       |     2 |     7 |    13 |     6 ||    28
       Petrified         |       |       |       |     1 |       |     1 ||     2
       Paralysed         |       |       |       |     1 |       |       ||     1
